 Dungeon Crawl Stone Soup version 0.30-a0-457-g4b7bca3bfa (webtiles) character file.

Game seed: 10927808283592309591

2485 Brandom the Trooper (level 9, -4/84 HPs)
             Began as an Armataur Warper on Dec 13, 2022.
             Was a Believer of Cheibriados.
             Slain by an orc warrior
             ... wielding a +0 scimitar
              (12 damage)
             ... on level 7 of the Dungeon.
             The game lasted 00:21:24 (5022 turns).

Brandom the Trooper (Armataur Warper)               Turns: 5022, Time: 00:21:24

Health: -4/84      AC: 10    Str: 26    XL:     9   Next: 27%
Magic:  10/12      EV:  7    Int: 22    God:    Cheibriados [**....]
Gold:   141        SH:  0    Dex: 14    Spells: 10/12 levels left

rFire   . . .      SeeInvis .    x - +8 Vampire's Tooth {vamp}
rCold   . . .      Faith    .    (no shield)
rNeg    . . .      Spirit   .    K - +0 chain mail
rPois   .          Reflect  .    (no helmet)
rElec   .          Harm     .    C - +0 cloak
rCorr   .          Roll     +    (no gloves)
Will    .....                    (no barding)
Stlth   ..........               e - amulet of regeneration
HPRegen 1.14/turn                n - +6 ring of strength
MPRegen 0.13/turn                (no ring)

@: lethally poisoned (-4 -> -5), on blink cooldown, very slow
A: large, rugged brown scales 3, deformed body, armoured tail, roll, long
tongue, awkward tongue
a: Renounce Religion, Bend Time


You were on level 7 of the Dungeon.
You worshipped Cheibriados.
Cheibriados was pleased with you.
You visited 1 branch of the dungeon, and saw 7 of its levels.

You collected 368 gold pieces.
You spent 227 gold pieces at shops.

Inventory:

Hand Weapons
 x - the +8 Vampire's Tooth (weapon) {vamp}
   (You found it on level 3 of the Dungeon)

   It occasionally heals its wielder for the full amount of damage dealt when it
   wounds a living foe.
Missiles
 d - 7 boomerangs of dispersal (quivered) {!f}
 A - 2 silver javelins
 J - 4 boomerangs
Armour
 a - a +0 ring mail
   (You took it off an orc on level 6 of the Dungeon)
 b - a +2 robe of the Archmagi
   (You took it off an orc wizard on level 6 of the Dungeon)
 f - a +0 leather armour
   (You took it off an orc on level 6 of the Dungeon)
 i - a +0 robe
   (You took it off Pikel on level 6 of the Dungeon)
 p - a +0 leather armour
   (You took it off a gnoll bouda on level 7 of the Dungeon)
 u - a +0 robe
   (You took it off an orc wizard on level 7 of the Dungeon)
 w - a +0 robe
   (You took it off an orc wizard on level 7 of the Dungeon)
 y - a +0 robe
   (You took it off an orc wizard on level 7 of the Dungeon)
 C - a +0 cloak (worn)
   (You found it on level 7 of the Dungeon)
 K - a +0 chain mail (worn)
   (You found it on level 5 of the Dungeon)
 L - a +0 robe
   (You took it off an orc wizard on level 7 of the Dungeon)
Jewellery
 e - an amulet of regeneration (around neck)
   (You found it on level 1 of the Dungeon)
 n - a +6 ring of strength (left hand)
   (You found it on level 1 of the Dungeon)
 D - a ring of resist corrosion
   (You found it on level 4 of the Dungeon)
Wands
 t - a wand of flame (34)
   (You found it on level 3 of the Dungeon)
 S - a wand of roots (15)
   (You took it off an orc priest on level 6 of the Dungeon)
Scrolls
 c - 2 scrolls of blinking
 h - a scroll of poison {unknown}
 j - a scroll of fear
 m - a scroll of torment {!r}
 r - a scroll of butterflies {unknown}
 s - a scroll of amnesia {unknown}
 E - a scroll of magic mapping {unknown}
 F - a scroll of enchant armour {unknown}
 G - 2 scrolls of teleportation {@r4}
 I - 2 scrolls of noise {!r}
 M - a scroll of enchant weapon
 T - a scroll of fog {unknown}
Potions
 g - 4 potions of brilliance
 k - 4 potions of flight
 l - a potion of ambrosia
 o - 4 potions of curing {@q1}
 q - a potion of might
 v - 2 potions of heal wounds {@q2}
 z - 2 potions of lignification {!q}
 B - 2 potions of attraction {unknown}
 H - 2 potions of resistance


   Skills:
 * Level 7.2 Fighting
 + Level 4.3(4.6) Short Blades
 - Level 2.2(3.6) Long Blades
 - Level 0.8 Throwing
 + Level 6.1 Armour
 - Level 2.0 Dodging
 - Level 2.0 Spellcasting
 + Level 5.9 Translocations
 + Level 3.4 Invocations


You had 10 spell levels left.
You knew the following spells:

 Your Spells              Type           Power      Damage    Failure   Level
b - Blink                 Tloc           56%        N/A       10%         2

Your spell library contained the following spells:

 Spells                   Type           Power      Damage    Failure   Level
 Lesser Beckoning         Tloc           56%        N/A       21%         3
 Teleport Other           Tloc           28%        N/A       21%         3
 Manifold Assault         Tloc           28%        N/A       54%         4
 Vhi's Electric Charge    Tloc/Air       30%        N/A       56%         3
 Kindle Blastsparks       Fire/Tloc/Air  20%        2d11      71%         3
 Ensorcelled Hibernation  Hex/Ice        4%         N/A       75%         2
 Sublimation of Blood     Necr           2%         N/A       75%         2
 Wereblood                Tmut           2%         N/A       75%         2
 Ignite Poison            Fire/Tmut/Pois 2%         N/A       92%         3
 Spider Form              Tmut/Pois      2%         N/A       92%         3
 Anguish                  Hex/Necr       1%         N/A       100%        4
 Animate Armour           Summ/Erth      4%         N/A       100%        4
 Blade Hands              Tmut           1%         N/A       100%        5
 Freezing Cloud           Conj/Ice/Air   1%         6-21      100%        5
 Dispersal                Tloc           14%        N/A       100%        6
 Iron Shot                Conj/Erth      1%         9d1       100%        6
 Summon Hydra             Summ           1%         N/A       100%        7
 Disjunction              Tloc           14%        N/A       100%        8


Dungeon Overview and Level Annotations

Branches:
Dungeon (7/15)             Temple (0/1) D:4

Altars:
Cheibriados
Elyvilon
Hepliaklqana
Makhleb
Qazlal
Ru
Sif Muna
Trog
Vehumet
Wu Jian
The Shining One

Shops:
D:5 ?**

Annotations:
D:7 Dowan, Duvessa, Maggie


Innate Abilities, Weirdness & Mutations

You are completely covered in rugged brown scales. (AC +3, +7% HP)
Armour fits poorly on your strangely shaped body.
You have a long armoured tail.
You roll when moving toward enemies. (Rampage)
Your long tongue fully drains potion bottles. (2x potion effects)
Your tongue gives you trouble enunciating. (1.5x scroll delay)


Message History

You hit the kobold brigand.
You feel better.
You feel sick.
You puncture the kobold brigand!
You feel better.
You feel sick.
The kobold brigand hits you with a +0 whip.
The orc warrior hits you with a +0 scimitar!
The orc warrior attacks as you move away!
The orc warrior hits you with a +0 scimitar!
You feel very sick.
You hit the kobold brigand.
You kill the kobold brigand!
Cheibriados appreciates the change of pace.
You feel sick.
The orc throws a stone.
The stone hits you.
You barely miss the orc warrior.
You feel sick.
You puncture the orc warrior!
You feel better.
You feel sick.
The orc warrior hits you with a +0 scimitar.
You hit the orc warrior but do no damage.
You hit the orc warrior but do no damage.
Your tail-slap misses the orc warrior.
You feel sick.
The orc warrior hits you with a +0 scimitar!
* * * LOW HITPOINT WARNING * * *
Unknown command.
You barely miss the orc warrior.
You feel sick.
You hit the orc warrior.
You feel better.
Your punch misses the orc warrior.
You hit the orc warrior but do no damage.
You feel sick.
The orc warrior hits you with a +0 scimitar!
* * * LOW HITPOINT WARNING * * *
You hit the orc warrior.
You feel better.
Your tail-slap misses the orc warrior.
You feel sick.
Unknown command.
You hit the orc warrior but do no damage.
The orc warrior hits you with a +0 scimitar!
* * * LOW HITPOINT WARNING * * *
Okay, then.
You blink.
You feel sick. The orc hits you but does no damage.
The kobold throws a poisoned dart.
The poisoned dart hits you!
You are more poisoned.
You are still too unstable to blink.
Unknown command.
You feel very sick.
A white imp comes into view.
You closely miss the orc.
The white imp shouts, "Slither away, thou spongy fob-snatching gnoll-tail!"
The kobold throws a poisoned dart.
The poisoned dart closely misses you.
The white imp shouts, "Give up, thou feeble weevil-witted canker-blossom!"
Unknown command.
The orc attacks as you move away! The orc hits you with a +0 morningstar!
* * * LOW HITPOINT WARNING * * *
The orc warrior attacks as you move away!
The orc warrior hits you with a +0 scimitar!
You die...

.# #.# ... ..#. .# #.# ..
#.####@ .# #.#
#.####5####.. #.# #O .###.#
#............ #.# #. .....#
##.# #.# #. .#####
########.K# #.# #. .#
#.....§o..# #.# #.
.########.#######o##
######.####. ..........#
#...@o.###.?....@....
#######)###
#.#######..._.O.#####
..#####.#####.# #..⌠.....#
#......... ...#
#....######## #.#####.##
#..######._.###.....## #.#
#.# #..##...#....#OKeeK..#
#.# #.####..##.#
#..⌠...♣.K.⌠.. #.#
#..........# ##..._.(.#....
#.#
######..##.#####.....###._.


You could see an orc warrior, a white imp, an orc and a kobold.

Vanquished Creatures
  Pikel (D:6)
  2 water moccasins
  An ice beast (D:6)
  4 ogres
  A lemure (D:6)
  A kobold brigand (D:7)
  4 bullfrogs
  6 scorpions
  3 orc priests
  2 hounds
  2 jellies
  A gnoll bouda (D:7)
  2 iguanas
  7 orc wizards
  4 gnolls (D:7)
  8 adders
  2 white imps
  An ufetubus (D:7)
  3 dart slugs
  21 orcs
  2 endoplasms
  2 giant cockroaches
  5 goblins
  6 hobgoblins
  6 jackals
  A quokka (D:2)
  7 ball pythons
  6 bats
  3 frilled lizards
  8 kobolds
  8 rats
130 creatures vanquished.

Vanquished Creatures (others)
  3 plants (D:5)
3 creatures vanquished.

Grand Total: 133 creatures vanquished

Notes
Turn   | Place    | Note
-------+----------+-------------------------------------------
     0 | D:1      | Brandom the Armataur Warper began the quest for the Orb.
     0 | D:1      | Reached XP level 1. HP: 18/18 MP: 3/3
    72 | D:1      | Reached skill level 2 in Fighting
   124 | D:1      | Reached XP level 2. HP: 25/25 MP: 4/4
   720 | D:2      | Found a faded altar of an unknown god.
   728 | D:2      | Reached XP level 3. HP: 30/32 MP: 4/6
  1270 | D:3      | Reached XP level 4. HP: 36/39 MP: 7/7
  1401 | D:3      | Found the +8 Vampire's Tooth {vamp}
  1702 | D:3      | Reached skill level 3 in Fighting
  2041 | D:4      | Found a bloodstained altar of Trog.
  2070 | D:4      | Learned a level 2 spell: Blink
  2203 | D:4      | Noticed a scorpion
  2223 | D:4      | Killed a scorpion
  2224 | D:4      | Reached XP level 5. HP: 39/48 MP: 8/8
  2239 | D:4      | Reached skill level 1 in Short Blades
  2246 | D:4      | Reached XP level 6. HP: 54/55 MP: 9/9
  2294 | D:4      | Found a staircase to the Ecumenical Temple.
  2298 | D:4      | You fall into a shaft and drop 3 floors!
  2305 | D:7      | Noticed Maggie
  2319 | D:7      | Found a snail-covered altar of Cheibriados.
  2322 | D:7      | Found a sacrificial altar of Ru.
  2327 | D:7      | Became a worshipper of Cheibriados the Contemplative
  2329 | D:7      | Found a stormy altar of Qazlal.
  2332 | D:7      | Found a shimmering blue altar of Sif Muna.
  2333 | D:7      | Found an ornate altar of the Wu Jian Council.
  2333 | D:7      | Noticed Duvessa
  2333 | D:7      | Noticed Dowan
  2336 | D:7      | Found a glowing golden altar of the Shining One.
  2366 | D:7      | Reached skill level 4 in Fighting
  2398 | D:7      | Noticed a water moccasin
  2408 | D:7      | Killed a water moccasin
  2437 | D:7      | Noticed Pikel
  2438 | D:7      | Noticed an orc warrior
  2493 | D:5      | Entered Level 5 of the Dungeon
  2506 | D:5      | Reached XP level 7. HP: 59/64 MP: 10/10
  2651 | D:5      | Reached skill level 5 in Fighting
  2985 | D:5      | Reached skill level 1 in Invocations
  2985 | D:5      | Reached XP level 8. HP: 73/73 MP: 11/11
  3127 | D:5      | Found Kolaexuhot's Assorted Antiques.
  3128 | D:5      | Found Lenaapla's Assorted Antiques.
  3129 | D:5      | Found Noguffus's Magic Scroll Shoppe.
  3159 | D:5      | Reached skill level 5 in Translocations
  3169 | D:5      | Bought a scroll of identify for 26 gold pieces
  3169 | D:5      | Bought a scroll of identify for 26 gold pieces
  3169 | D:5      | Bought a scroll of identify for 26 gold pieces
  3169 | D:5      | Bought a scroll of identify for 26 gold pieces
  3169 | D:5      | Bought a scroll of enchant weapon for 97 gold pieces
  3169 | D:5      | Bought a scroll of identify for 26 gold pieces
  3450 | D:6      | Reached * piety under Cheibriados
  3517 | D:6      | Reached skill level 5 in Armour
  3526 | D:6      | Reached skill level 6 in Fighting
  4163 | D:6      | Found a radiant altar of Vehumet.
  4235 | D:6      | Found a white marble altar of Elyvilon.
  4408 | D:6      | Found a burning altar of Makhleb.
  4642 | D:6      | Killed Pikel
  4643 | D:6      | Reached XP level 9. HP: 65/83 MP: 12/12
  4705 | D:7      | Reached ** piety under Cheibriados
  4756 | D:7      | Reached skill level 7 in Fighting
  4993 | D:7      | Found a hazy altar of Hepliaklqana.
  5022 | D:7      | Slain by an orc warrior

Illustrated notes

Levels and vault maps discovered:
D:1:      dreamdust_arrival_beginning_and_end, layout_loops_ring
D:2:      layout_basic, hellmonk_ecumenical_altar_crossroads
D:3:      layout_basic
D:4:      cheibrodos_old_hovel, layout_basic, trog_three_pillars_becter,
          minmay_temple_entry_slanted
D:5:      layout_cave_pools, nicolae_wooded_promenade, serial_bayou_ford_a
D:6:      layout_layer_cave, nicolae_elyvilon_peaceful_grove, vehumet_crystals,
          lightli_temple_of_fire
D:7:      layout_loops_ring, lemuel_tele_altar,
          nicolae_overflow_hallway_of_the_gods, kennysheep_generic_room_8,
          uniq_duvessa, uniq_pikel, uniq_maggie

Skill      XL: |  1  2  3  4  5  6  7  8  9 |
---------------+----------------------------+-----
Fighting       | 2 3 4 5 6 7 |  7.2
Long Blades    | 2 |  2.2
Spellcasting   | 2 |  2.0
Armour         | 2 3 4 5 6 |  6.1
Dodging        | 2 |  2.0
Short Blades   | 1 2 3 4 |  4.3
Translocations | 4 5 |  5.9
Invocations    | 1 3 |  3.4
Throwing       | |  0.8

Action                   |  1- 3 |  4- 6 |  7- 9 || total
-------------------------+-------+-------+-------++-------
Melee: Falchion          |   116 |    36 |       ||   152
       Tailslap          |    12 |    17 |    31 ||    60
       Punch             |     1 |     3 |     5 ||     9
       Quick blade       |       |    99 |   264 ||   363
 Cast: Blink             |       |       |     1 ||     1
  Use: Scroll            |     1 |     1 |    10 ||    12
Armor: Ring mail         |    86 |    56 |     9 ||   151
       Chain mail        |       |       |    83 ||    83
Dodge: Dodged            |    60 |    61 |    63 ||   184

Table legend: (Time is in decaauts)
 A = Elapsed time spent in this place.
 B = Non-inter-level travel time spent in this place.
 C = Inter-level travel time spent in this place.
 D = Time resting spent in this place.
 E = Time spent auto-exploring this place.
 F = Levels seen in this place.
 G = Mean time per level.
                   A        B        C        D        E       F      G
               +--------+--------+--------+--------+--------+-----+--------+
         Total |   5700 |   5492 |    208 |     20 |   4014 |   7 |  814.3 |
       Dungeon |   5700 |   5492 |    208 |     20 |   4014 |   7 |  814.3 |
               +--------+--------+--------+--------+--------+-----+--------+

Top non-repeatable levels by time:
     D:6: 1601 daAuts
     D:5: 908 daAuts
     D:3: 851 daAuts
     D:1: 657 daAuts
     D:7: 617 daAuts
     D:4: 596 daAuts
     D:2: 468 daAuts
